 Dungeon Crawl Stone Soup version bcrawl-1.20.1-3-gdcb1fc31ed (webtiles) character file.

Game seed: 9983491859649029518

10906 Freyura the Cruncher (level 11, -1/85 (86) HPs)
             Began as a Demonspawn Gladiator on Feb 2, 2020.
             Was an Elder of Ashenzari.
             Slain by a wyvern (11 damage)
             ... on level 1 of the Lair of Beasts on Feb 3, 2020.
             The game lasted 00:37:46 (9941 turns).

Freyura the Cruncher (Demonspawn Gladiator)         Turns: 9941, Time: 00:37:47

HP:   -1/85 (86)    AC:  7    Str: 17    XL:     11   Next: 42%
MP:   15/15         EV: 18    Int:  9    God:    Ashenzari [****..]
Gold: 637           SH:  0    Dex: 18    Spells: 10/10 levels left

rFire    + . .     SeeInvis +   a - +0 quarterstaff (curse)
rCold    . . .     Gourm    .   (shield currently unavailable)
rNeg     . . .     Faith    .   y - +4 robe of the First Princes {rF+} (curse)
rPois    +         Spirit   .   (helmet restricted)
rElec    +         Reflect  .   F - +0 cloak {rPois} (curse)
rCorr    .         Harm     .   (no gloves)
MR       .....     Clarity  +   (boots unavailable)
Stlth    ++........             A - amulet of regeneration (curse)
HPRegen  0.64/turn              (no ring)
MPRegen  0.14/turn              b - ring of insulation (curse)

@: no status effects
A: claws 2, horns 2, talons 3, berserk 1, powered by death 2, strong 1
a: Curse Item, Scrying, Renounce Religion


You were on level 1 of the Lair of Beasts.
You worshipped Ashenzari.
Ashenzari was greatly pleased with you.
You were not hungry.

You visited 3 branches of the dungeon, and saw 12 of its levels.

You collected 782 gold pieces.
You spent 145 gold pieces at shops.

Inventory:

Hand Weapons
 a - a cursed +0 quarterstaff (weapon)
Missiles
 d - 3 throwing nets (quivered) {!f}
Armour
 y - the cursed +4 robe of the First Princes (worn) {rF+}
   (You found it on level 4 of the Dungeon)

   It protects you from fire.
   It has a curse placed upon it.
 F - a cursed +0 cloak of poison resistance (worn)
Magical Staves
 n - an uncursed staff of fire
Jewellery
 b - a cursed ring of insulation (right claw)
 A - a cursed amulet of regeneration (around neck)
 I - an uncursed ring of flight
Wands
 h - a wand of disintegration (23)
 l - a wand of polymorph (31)
 o - a wand of digging (4)
 s - a wand of random effects (11)
 w - a wand of acid (7)
 J - a wand of flame (14)
 K - a wand of iceblast (9)
Scrolls
 g - a scroll of enchant weapon {unknown}
 i - 4 scrolls of teleportation
 m - 5 scrolls of remove curse
 p - 6 scrolls of fog
 t - 3 scrolls of blinking
 C - a scroll of fear
 G - a scroll of identify
 H - a scroll of amnesia
Potions
 c - 2 potions of magic
 f - a potion of brilliance {unknown}
 j - 2 potions of mutation
 k - 3 potions of lignification
 q - a potion of agility {unknown}
 r - 2 potions of resistance
 u - 3 potions of flight {unknown}
 v - a potion of cancellation {unknown}
 x - 4 potions of curing
 z - a potion of degeneration {unknown}
 B - 2 potions of heal wounds
 D - 2 potions of haste {unknown}
 E - a potion of invisibility {unknown}
 L - a potion of might
Comestibles
 e - 17 rations {!d}
 M - 11 chunks of flesh


   Skills:
 + Level 8.0 Fighting
 * Level 10.4(14.7) Staves
 - Level 1.7 Throwing
 + Level 7.0 Armour
 + Level 7.6 Dodging
 + Level 5.5(7.8) Evocations


You had 10 spell levels left.
You didn't know any spells.
Your spell library contained the following spells:

 Spells                   Type           Power        Failure   Level  Hunger
 Corona                   Hex            #......      36%         1    ##.....
 Shackle                  Hex            #.......     50%         2    ###....
 False Image              Hex/Summ       #.......     73%         3    ####...
 Inner Flame              Hex/Fire       N/A          73%         3    ####...
 Cause Fear               Hex            #.........   98%         4    #####..
 Yara's Violent Unravell  Hex/Tmut       #.........   98%         4    #####..


Dungeon Overview and Level Annotations

Branches:
Dungeon (10/12)            Temple (1/1) D:4            Lair (1/6) D:8
    Orc (0/1) D:8

Altars:
Ashenzari
Cheibriados
Dithmenos
Elyvilon
Fedhas
Gozag
Hepliaklqana
Kikubaaqudgha
Lugonu
Makhleb
Nemelex Xobeh
Okawaru
Qazlal
Ru
Sif Muna
Trog
Uskayaw
Vehumet
Wu Jian
Xom
Yredelemnul
Zin
The Shining One

Shops:
D:4 ?**   D:5 (   D:6 %   D:9 ?


Innate Abilities, Weirdness & Mutations

You have very sharp fingernails.
You have a pair of horns on your head.
You have claws for feet.
You regenerate health from kills.
You tend to lose your temper in combat.
Your muscles are strong. (Str +2)


Message History

The cane toad is severely wounded.
The wyvern completely misses you. The cane toad barely misses you.
You sock the cane toad! You headbutt the cane toad!
You kill the cane toad!
Your Armour skill increases to level 7!
The wyvern bites you!
* * * LOW HITPOINT WARNING * * *
You sock the wyvern!
The wyvern is heavily wounded.
The wyvern completely misses you.
You hit the wyvern. Your kick misses the wyvern.
The wyvern is heavily wounded.
You hit the wyvern but do no damage. You claw the wyvern, but do no damage.
The wyvern is heavily wounded.
The wyvern completely misses you.
You thump the wyvern! Your kick misses the wyvern.
You headbutt the wyvern, but do no damage.
The wyvern is almost dead.
The wyvern bites you!
You die...

, , ,, , .....#.....##. ,
, * ............#.....#..
,,,#.....#...#.#.....#..
, ,
*#,#.....#...#.<.....#..
*,
#.#..!...%..#.#...P.... ,
**
*...#.F.....#.#.#...... ,
, * ,
.P.....#.#.....#.#.#.. *
,
,,,...#.F...#..........#.
,> *
#.#l@†#...#.P.....##. , *
,* ,#.....#.....#...#.##.
, * #.#.....#.#.#.....##.
,, **, ..
#..>....#.....#.... , *
#..,,#...........>.#.##.
, , , ,.. ,,#.#.....#....
#.##. ,, #*
.#.#.#...#...# .. #.
,,,** *,
,...#.#...#...#.., #. ,
..#.....#...#...#.. ##.


You could see a wyvern and 2 bullfrogs.

Vanquished Creatures
  Pikel (D:6)
  A cyclops (D:10)
  An ugly thing (D:10)
  A torpor snail (Lair:1)
  4 centaur skeletons
  A black mamba (Lair:1)
  A cane toad (Lair:1)
  An efreet (D:10)
  A troll (D:7)
  Grinder (D:3)
  Prince Ribbit (D:6)
  4 hippogriffs
  Sigmund (D:3)
  3 yaks (Lair:1)
  A basilisk (Lair:1)
  2 water moccasins
  A crocodile (D:8)
  Duvessa (D:6)
  A porcupine (D:8)
  5 black bears
  An orc warrior (D:8)
  5 sky beasts
  2 ogres (D:5)
  An eye of draining (D:9)
  An ice beast (D:6)
  2 necrophages
  7 centaurs
  9 bullfrogs
  5 big kobolds
  Dowan (D:6)
  4 scorpions
  8 killer bees
  4 howler monkeys
  3 wights (D:9)
  5 crimson imps
  A bullfrog zombie (D:8)
  4 jellies
  4 hounds
  Crazy Yiuf (D:5)
  A gnoll shaman (D:2)
  A bullfrog skeleton (D:7)
  Ijyb (D:3)
  Terence (D:2)
  8 worker ants
  3 hound skeletons
  A worker ant zombie (D:6)
  Robin (D:3)
  A howler monkey skeleton (D:4)
  10 adders
  A shadow imp (D:5)
  An ooze (D:3)
  2 worms (D:2)
  5 dart slugs
  5 leopard geckos
  23 orcs
  2 giant cockroaches
  18 hobgoblins
  5 jackals
  6 quokkas
  3 ball pythons
  5 bats
  6 frilled lizards
  21 goblins
  32 kobolds
  5 rats (D:1)
269 creatures vanquished.

Vanquished Creatures (others)
  Blork the orc (D:6)
  2 plants (D:8)
3 creatures vanquished.

Grand Total: 272 creatures vanquished

Notes
Turn   | Place    | Note
-------+----------+-------------------------------------------
     0 | D:1      | Freyura the Demonspawn Gladiator began the quest for the
                  | Orb.
     0 | D:1      | Reached XP level 1. HP: 16/16 MP: 1/1
   412 | D:1      | Gained mutation: You regenerate a little health from kills.
                  | [demonic ancestry]
   412 | D:1      | Reached XP level 2. HP: 22/22 MP: 2/2
   467 | D:1      | Reached skill level 3 in Staves
   742 | D:1      | Reached XP level 3. HP: 28/28 MP: 3/3
  1162 | D:2      | Reached skill level 1 in Armour
  1163 | D:2      | Found a basalt altar of Yredelemnul.
  1229 | D:2      | Noticed Terence
  1230 | D:2      | Found a hazy altar of Hepliaklqana.
  1240 | D:2      | Killed Terence
  1240 | D:2      | Gained mutation: You have a pair of small horns on your
                  | head. [demonic ancestry]
  1240 | D:2      | Reached XP level 4. HP: 34/34 MP: 4/4
  1299 | D:2      | Found a stormy altar of Qazlal.
  2018 | D:3      | Noticed a necrophage
  2023 | D:2      | Killed a necrophage
  2023 | D:2      | Reached skill level 4 in Staves
  2023 | D:2      | Gained mutation: You have sharp toenails. [demonic
                  | ancestry]
  2023 | D:2      | Reached XP level 5. HP: 35/40 MP: 5/5
  2219 | D:3      | Noticed Ijyb
  2225 | D:3      | Killed Ijyb
  2226 | D:3      | Noticed Sigmund
  2237 | D:3      | Killed Sigmund
  2237 | D:3      | Gained mutation: You regenerate health from kills. [demonic
                  | ancestry]
  2237 | D:3      | Reached XP level 6. HP: 30/46 MP: 6/6
  2276 | D:3      | Found a shattered altar of Ashenzari.
  2285 | D:3      | Became a worshipper of Ashenzari the Shackled
  2365 | D:3      | Reached skill level 5 in Staves
  2371 | D:3      | Found a burning altar of Makhleb.
  2527 | D:3      | Noticed Robin
  2535 | D:3      | Noticed a sky beast
  2537 | D:3      | Killed Robin
  2548 | D:3      | Gained mutation: You have razor-sharp toenails. [demonic
                  | ancestry]
  2548 | D:3      | Reached XP level 7. HP: 49/52 MP: 7/7
  2844 | D:3      | Noticed Grinder
  2847 | D:3      | Paralysed by Grinder for 4 turns
  2865 | D:3      | Killed Grinder
  3298 | D:4      | Found Ypsag's Armour Boutique.
  3319 | D:4      | Found Toarabic's Magic Scroll Shoppe.
  3324 | D:4      | Bought a scroll of remove curse for 30 gold pieces
  3400 | D:4      | Reached skill level 6 in Staves
  3522 | D:4      | Found a staircase to the Ecumenical Temple.
  3531 | D:4      | Gained mutation: You have sharp fingernails. [demonic
                  | ancestry]
  3531 | D:4      | Reached XP level 8. HP: 51/60 MP: 8/8
  3719 | D:4      | Found Dech's General Store.
  3822 | D:4      | Found Zykul's Assorted Antiques.
  4068 | D:4      | Bought a tubular steel ring for 115 gold pieces
  4115 | Temple   | Entered the Ecumenical Temple
  4526 | D:4      | Got the uncursed robe of the First Princes {rF+}
  4538 | D:4      | Identified the +4 robe of the First Princes {rF+} (You
                  | found it on level 4 of the Dungeon)
  4569 | D:5      | Entered Level 5 of the Dungeon
  4578 | D:5      | Reached * piety under Ashenzari
  4791 | D:5      | Found a runed door.
  4935 | D:5      | Reached skill level 5 in Fighting
  4983 | D:5      | Found Tish's Weapon Shoppe.
  4995 | D:5      | Reached skill level 5 in Dodging
  5205 | D:5      | Reached skill level 7 in Staves
  5302 | D:5      | Noticed a hippogriff
  5312 | D:5      | Killed a hippogriff
  5658 | D:5      | Noticed Crazy Yiuf
  5665 | D:5      | Killed Crazy Yiuf
  5740 | D:6      | Found a blossoming altar of Fedhas.
  5740 | D:6      | Found an opulent altar of Gozag.
  5740 | D:6      | Found a sparkling altar of Nemelex Xobeh.
  5740 | D:6      | Found a sacrificial altar of Ru.
  5740 | D:6      | Noticed Blork the orc
  5740 | D:6      | Noticed Prince Ribbit
  5744 | D:6      | Noticed Dowan
  5749 | D:6      | Gained mutation: You have claws for feet. [demonic
                  | ancestry]
  5749 | D:6      | Reached XP level 9. HP: 37/67 MP: 9/9
  5863 | D:6      | Killed Prince Ribbit
  5915 | D:6      | Noticed Duvessa
  5941 | D:6      | Reached skill level 1 in Evocations
  5945 | D:6      | Killed Blork the orc
  5984 | D:6      | Killed Duvessa
  5991 | D:6      | Killed Dowan
  6024 | D:6      | Reached ** piety under Ashenzari
  6142 | D:6      | Found a bloodstained altar of Trog.
  6155 | D:6      | Reached skill level 8 in Staves
  6220 | D:6      | Found a radiant altar of Vehumet.
  6233 | D:6      | Reached skill level 5 in Armour
  6317 | D:6      | Found Hoacoite's Food Boutique.
  6401 | D:6      | Noticed Pikel
  6418 | D:6      | Killed Pikel
  6968 | D:7      | Noticed a troll
  6984 | D:7      | Killed a troll
  6984 | D:7      | Gained mutation: You have very sharp fingernails. [demonic
                  | ancestry]
  6984 | D:7      | Reached XP level 10. HP: 15/76 MP: 12/12
  7118 | D:7      | Found a corrupted altar of Lugonu.
  7136 | D:7      | Reached skill level 9 in Staves
  7416 | D:8      | Found a staircase to the Lair.
  7448 | D:8      | Found an ancient bone altar of Kikubaaqudgha.
  7464 | D:8      | Found a hide-covered altar of Uskayaw.
  7544 | D:8      | Found a staircase to the Orcish Mines.
  7620 | D:8      | Reached *** piety under Ashenzari
  7689 | D:8      | Found an ornate altar of the Wu Jian Council.
  7827 | D:8      | Gained mutation: You tend to lose your temper in combat.
                  | [potion of mutation]
  7827 | D:8      | Gained mutation: Your muscles are strong. (Str +2) [potion
                  | of mutation]
  8159 | D:9      | Found a white marble altar of Elyvilon.
  8159 | D:9      | Found a glowing golden altar of the Shining One.
  8162 | D:9      | Found a glowing silver altar of Zin.
  8287 | D:9      | Found Zewnyp's Magic Scroll Shoppe.
  8739 | D:10     | Entered Level 10 of the Dungeon
  8790 | D:10     | Reached **** piety under Ashenzari
  8882 | D:10     | Noticed a cyclops
  8890 | D:10     | Killed a cyclops
  8890 | D:10     | Reached skill level 10 in Staves
  8890 | D:10     | Gained mutation: You have a pair of horns on your head.
                  | [demonic ancestry]
  8890 | D:10     | Reached XP level 11. HP: 53/83 MP: 14/14
  8968 | D:10     | Reached skill level 5 in Evocations
  9380 | D:10     | Noticed a brown ugly thing
  9395 | D:10     | Killed a brown ugly thing
  9744 | Lair:1   | Entered Level 1 of the Lair of Beasts
  9941 | Lair:1   | Slain by a wyvern

Skill      XL: |  1  2  3  4  5  6  7  8  9 10 11 |
---------------+----------------------------------+-----
Staves         | 3 4 5 6 7 8 10 | 10.4
Dodging        | 3 4 5 6 7 |  7.6
Armour         | 1 2 3 4 5 6 7 |  7.0
Fighting       | 3 4 5 6 7 8 |  8.0
Evocations     | 3 4 5 |  5.5
Throwing       | |  1.7

Action                   |  1- 3 |  4- 6 |  7- 9 | 10-12 || total
-------------------------+-------+-------+-------+-------++-------
Melee: Quarterstaff      |   130 |   119 |   372 |   366 ||   987
       Headbutt          |       |    29 |    73 |    89 ||   191
       Kick              |       |    18 |   113 |   150 ||   281
Invok: Curse Item        |       |     1 |     2 |     2 ||     5
 Abil: Evoke Berserk Rag |     1 |     1 |       |       ||     2
  Use: Scroll            |     1 |     5 |     7 |     3 ||    16
       Potion            |       |       |       |     1 ||     1
 Stab: Sleeping          |     1 |       |     1 |       ||     2
  Eat: Chunk             |     1 |     6 |    15 |     7 ||    29
       Ration            |       |       |       |     1 ||     1
Armor: Leather armour    |    10 |       |       |       ||    10
       Scale mail        |    32 |    53 |    44 |       ||   129
       Robe              |       |       |    34 |    51 ||    85
Dodge: Dodged            |    89 |    85 |   285 |   268 ||   727
